Sharks vs Jets

Created - 1 mars 2022 at 19:58

Goals
1 2 3 T
Sharks 1 1 3 5
Jets 0 0 2 2
Shots
1 2 3 T
Sharks 11 11 14 36
Jets 9 8 15 32

1st period

1. Sharks , Dylan Larkin 19 (David Krejci 32) at 14:22

Penalties :
Kris Letang (WIN) for Holding (Minor) at 9:58

2nd period

2. Sharks , Jonathan Huberdeau 25 (Sidney Crosby 31, Gabriel Landeskog 39) at 13:17

Penalties :
No Penalty

3rd period

3. Jets , Kyle Turris 7 (Frederick Gaudreau 12, Kris Letang 23) at 0:56
4. Sharks , Jonathan Huberdeau 26 (Gabriel Landeskog 40, Mark Borowiecki 3) at 8:10
5. Sharks , Sidney Crosby 26 (Gabriel Landeskog 41, Jonathan Huberdeau 30) at 10:49
6. Sharks , Teuvo Teravainen 14 (Kasperi Kapanen 17, Justin Braun 14) at 11:24
7. Jets , Artem Anisimov 11 (Wayne Simmonds 13) at 14:53

Penalties :
No Penalty

Goalie Stats

Semyon Varlamov (SJS), 30 saves from 32 shots - (0,938), W, 27-10-8, 60:00 minutes
Jonathan Bernier (WIN), 31 saves from 36 shots - (0,861), L, 12-13-1, 60:00 minutes

Players Stats for Sharks

Player Name              G  A  P  +/- PIM S  H  SB GA TA FO     MP     PP MP  PK MP  
------------------------------------------------------------------------------------
Alex Pietrangelo         0  0  0   1  0   2  1  1  1  1  0/0    24:39   1:24   0:00 
Alexander Radulov        0  0  0   1  0   1  0  0  1  0  0/0    17:12   0:50   0:00 
Boone Jenner             0  0  0  -1  0   1  0  0  0  1  6/10   14:50   0:00   0:00 
Carter Rowney            0  0  0   0  0   1  0  1  0  0  4/5     8:13   0:00   0:00 
David Krejci             0  1  1   1  0   1  1  0  1  0  15/22  17:12   0:50   0:00 
Dylan Larkin             1  0  1   1  0   2  0  1  0  0  2/4    17:12   0:50   0:00 
Gabriel Landeskog        0  3  3   3  0   4  0  0  0  0  0/0    19:45   1:09   0:00 
Jason Demers             0  0  0   0  0   1  0  1  0  0  0/0    21:51   0:35   0:00 
Jonathan Huberdeau       2  1  3   3  0   9  0  0  2  0  1/1    19:45   1:09   0:00 
Justin Braun             0  1  1   1  0   1  2  1  0  1  0/0    24:39   1:24   0:00 
K'Andre Miller           0  0  0   0  0   1  0  3  0  2  0/0    21:51   0:35   0:00 
Kasperi Kapanen          0  1  1  -1  0   3  2  0  0  0  0/0    14:50   0:00   0:00 
Mark Borowiecki          0  1  1   2  0   0  2  0  0  0  0/0    13:30   0:00   0:00 
Michael Raffl            0  0  0   0  0   0  0  0  0  0  0/0     8:13   0:00   0:00 
Robert Thomas            0  0  0   0  0   1  0  0  1  0  0/0     8:13   0:00   0:00 
Shea Theodore            0  0  0   2  0   0  1  0  0  0  0/0    13:30   0:00   0:00 
Sidney Crosby            1  1  2   3  0   7  0  0  0  0  13/24  19:45   1:09   0:00 
Teuvo Teravainen         1  0  1  -1  0   1  0  1  1  0  0/1    14:50   0:00   0:00 

Players Stats for Jets

Player Name              G  A  P  +/- PIM S  H  SB GA TA FO     MP     PP MP  PK MP  
------------------------------------------------------------------------------------
Artem Anisimov           1  0  1  -2  0   4  1  1  0  0  7/15   18:20   0:00   0:48 
Brett Pesce              0  0  0  -1  0   0  0  2  0  1  0/0    23:05   0:00   1:10 
Brett Ritchie            0  0  0   0  0   0  0  0  0  0  0/0     0:00   0:00   0:00 
Daniel Sprong            0  0  0   0  0   3  1  1  1  0  0/0     8:10   0:00   0:00 
Filip Chytil             0  0  0  -1  0   1  4  1  0  0  0/0    12:07   0:00   0:13 
Frederick Gaudreau       0  1  1  -1  0   2  0  0  0  0  5/8    11:54   0:00   0:00 
James van Riemsdyk       0  0  0   0  0   1  2  0  1  0  0/2    21:23   0:00   0:58 
John Moore               0  0  0  -2  0   2  0  5  0  1  0/0    22:50   0:00   0:00 
Josh Manson              0  0  0   0  0   0  2  1  0  0  0/0     3:47   0:00   0:49 
Josh Morrissey           0  0  0  -1  0   0  0  0  1  1  0/0    17:50   0:00   0:49 
Kris Letang              0  1  1  -1  2   3  2  3  1  1  0/0    25:05   0:00   0:00 
Kyle Turris              1  0  1  -1  0   1  2  0  0  0  1/1    12:18   0:00   0:24 
Mark Pysyk               0  0  0   0  0   0  3  0  0  1  0/0     9:43   0:00   0:00 
Nathan MacKinnon         0  0  0   0  0   3  1  1  0  1  10/35  21:23   0:00   0:58 
Nils Lundkvist           0  0  0  -1  0   0  1  2  0  1  0/0    17:41   0:00   1:10 
Troy Terry               0  0  0  -2  0   4  0  1  1  0  0/0    17:45   0:00   0:13 
Victor Olofsson          0  0  0   0  0   4  1  1  0  0  1/1    20:47   0:00   0:24 
Wayne Simmonds           0  1  1  -2  0   2  2  1  0  0  0/1    17:32   0:00   0:00 
William Carrier          0  0  0   0  0   1  4  0  0  0  0/0     8:10   0:00   0:00 
Zac Dalpe                0  0  0   0  0   1  0  1  0  0  2/4     8:10   0:00   0:00 

3 Stars

1 - Jonathan Huberdeau (SJS)
2 - Gabriel Landeskog (SJS)
3 - Sidney Crosby (SJS)

Power Play

Sharks - 0 on 1 Attempt(s) - 0,00%
Jets - 0 on 0 Attempt(s) - 0,00%

Penalty Kill

Sharks - 0 on 0 Attempt(s) - 0,00% - Score 0 goal in Penalty Kill
Jets - 1 on 1 Attempt(s) - 100,00% - Score 0 goal in Penalty Kill

Team Stat

Sharks - Hits : 9 - Faceoff Wins : 41 - Blocked Shots : 9 - Penalty Minutes : 0
Jets - Hits : 26 - Faceoff Wins : 26 - Blocked Shots : 21 - Penalty Minutes : 2

Official

Referees : Brandon Schrader and Mike Duco
Linesman : James Tobias and Brad Kovachik

Game Notes

Josh Manson is injured at 12:34 of 1st period (Strained Right Elbow)

Finance

Level 1 -- Attendance: 5283 (88,05%) -- Ticket Income 501 885 $
Level 2 -- Attendance: 4697 (93,94%) -- Ticket Income 281 820 $
Level 3 -- Attendance: 1414 (70,70%) -- Ticket Income 63 630 $
Level 4 -- Attendance: 2964 (74,10%) -- Ticket Income 80 028 $
Luxury Box -- Attendance: 771 (77,10%) -- Ticket Income 161 910 $
Game was played at the No Name Arena.
Total Attendance: 15129 (84,05%)
Total Ticket Income: 1 089 273 $
Other Income: 533 744 $
Total Income: 1 623 017 $

Sharks

5 vs 5 Forward 
   Center                   Left Wing                Right Wing               Time % Phy DF OF 
 1 Sidney Crosby            Gabriel Landeskog        Jonathan Huberdeau       35     1   2  2  
 2 David Krejci             Dylan Larkin             Alexander Radulov        32     1   2  2  
 3 Boone Jenner             Teuvo Teravainen         Kasperi Kapanen          28     1   2  2  
 4 Carter Rowney            Michael Raffl            Robert Thomas            5      1   2  2  

5 vs 5 Defense 
   Defense                  Defense                                           Time % Phy DF OF 
 1 Alex Pietrangelo         Justin Braun                                      36     1   2  2  
 2 Jason Demers             K'Andre Miller                                    35     1   2  2  
 3 Shea Theodore            Mark Borowiecki                                   23     1   2  2  
 4 Alex Pietrangelo         Justin Braun                                      6      1   2  2  

PowerPlay Forward 
   Center                   Left Wing                Right Wing               Time % Phy DF OF 
 1 Sidney Crosby            Gabriel Landeskog        Jonathan Huberdeau       55     1   1  3  
 2 David Krejci             Dylan Larkin             Alexander Radulov        45     1   1  3  

PowerPlay Defense
   Defense                  Defense                                           Time % Phy DF OF 
 1 Alex Pietrangelo         Justin Braun                                      55     1   2  2  
 2 Jason Demers             K'Andre Miller                                    45     1   2  2  

Penalty Kill 4 Players Forward 
   Center                   Wing                     Time % Phy DF OF 
 1 Carter Rowney            Michael Raffl            60     1   3  1  
 2 Boone Jenner             Teuvo Teravainen         40     1   3  1  

Penalty Kill 4 Players Defense
   Defense                  Defense                  Time % Phy DF OF 
 1 Alex Pietrangelo         Justin Braun             60     1   3  1  
 2 Mark Borowiecki          K'Andre Miller           40     1   3  1  

Penalty Kill - 3 Players Forward 
   Forward                                           Time % Phy DF OF 
 1 Carter Rowney                                     60     1   4  0  
 2 Boone Jenner                                      40     1   4  0  

Penalty Kill - 3 Players Defense
   Defense                  Defense                  Time % Phy DF OF 
 1 Alex Pietrangelo         Justin Braun             60     1   4  0  
 2 Jason Demers             K'Andre Miller           40     1   4  0  

4 vs 4 Forward 
   Center                   Wing                     Time % Phy DF OF 
 1 Sidney Crosby            Gabriel Landeskog        55     1   2  2  
 2 Dylan Larkin             Jonathan Huberdeau       45     1   2  2  

4 vs 4 Defense
   Defense                  Defense                  Time % Phy DF OF 
 1 Alex Pietrangelo         Justin Braun             55     1   3  1  
 2 Mark Borowiecki          K'Andre Miller           45     1   3  1  

Last Minutes Offensive
   Center                   Left Wing                Right Wing               Defense                  Defense                  
   Sidney Crosby            Gabriel Landeskog        Jonathan Huberdeau       Alex Pietrangelo         Justin Braun             

Last Minutes Defensive
   Center                   Left Wing                Right Wing               Defense                  Defense                  
   Sidney Crosby            Gabriel Landeskog        Jonathan Huberdeau       Alex Pietrangelo         Justin Braun             

Goaltenders
Starting : Semyon Varlamov          
Backup : Darcy Kuemper            

Extra Forwards
Normal : David Krejci, Teuvo Teravainen, Kasperi Kapanen - PP : David Krejci, Teuvo Teravainen - PK : Kasperi Kapanen
Extra Defensemen
Normal : Shea Theodore, Mark Borowiecki, Jason Demers - PP : Shea Theodore - PK : Mark Borowiecki, Jason Demers
Penalty Shots
Sidney Crosby, Gabriel Landeskog, Jonathan Huberdeau, Dylan Larkin, Boone Jenner
Custom OT Lines Forwards
Sidney Crosby, Gabriel Landeskog, Jonathan Huberdeau, Dylan Larkin, Boone Jenner, David Krejci, Alexander Radulov, Teuvo Teravainen, Kasperi Kapanen, Carter Rowney
Custom OT Lines Defensemen
Alex Pietrangelo, Justin Braun, Jason Demers, K'Andre Miller, Shea Theodore

Scratches
Oliver Wahlstrom (Healthy), Colton Sceviour (Healthy)

Jets

5 vs 5 Forward 
   Center                   Left Wing                Right Wing               Time % Phy DF OF 
 1 Nathan MacKinnon         James van Riemsdyk       Victor Olofsson          40     1   2  2  
 2 Artem Anisimov           Wayne Simmonds           Troy Terry               30     1   2  2  
 3 Frederick Gaudreau       Filip Chytil             Kyle Turris              20     1   2  2  
 4 Zac Dalpe                William Carrier          Daniel Sprong            10     1   2  2  

5 vs 5 Defense 
   Defense                  Defense                                           Time % Phy DF OF 
 1 Kris Letang              Brett Pesce                                       40     1   2  2  
 2 Josh Morrissey           Josh Manson                                       30     1   2  2  
 3 John Moore               Nils Lundkvist                                    20     1   2  2  
 4 Mark Pysyk               Kris Letang                                       10     1   2  2  

PowerPlay Forward 
   Center                   Left Wing                Right Wing               Time % Phy DF OF 
 1 Nathan MacKinnon         James van Riemsdyk       Victor Olofsson          60     1   2  2  
 2 Artem Anisimov           Wayne Simmonds           Troy Terry               40     1   2  2  

PowerPlay Defense
   Defense                  Defense                                           Time % Phy DF OF 
 1 Kris Letang              Brett Pesce                                       60     1   2  2  
 2 Josh Morrissey           Josh Manson                                       40     1   2  2  

Penalty Kill 4 Players Forward 
   Center                   Wing                     Time % Phy DF OF 
 1 Nathan MacKinnon         James van Riemsdyk       60     1   2  2  
 2 Victor Olofsson          Artem Anisimov           40     1   2  2  

Penalty Kill 4 Players Defense
   Defense                  Defense                  Time % Phy DF OF 
 1 Kris Letang              Brett Pesce              60     1   2  2  
 2 Josh Morrissey           Josh Manson              40     1   2  2  

Penalty Kill - 3 Players Forward 
   Forward                                           Time % Phy DF OF 
 1 Nathan MacKinnon                                  60     1   2  2  
 2 James van Riemsdyk                                40     1   2  2  

Penalty Kill - 3 Players Defense
   Defense                  Defense                  Time % Phy DF OF 
 1 Kris Letang              Brett Pesce              60     1   2  2  
 2 Josh Morrissey           Josh Manson              40     1   2  2  

4 vs 4 Forward 
   Center                   Wing                     Time % Phy DF OF 
 1 Nathan MacKinnon         James van Riemsdyk       60     1   2  2  
 2 Victor Olofsson          Artem Anisimov           40     1   2  2  

4 vs 4 Defense
   Defense                  Defense                  Time % Phy DF OF 
 1 Kris Letang              Brett Pesce              60     1   2  2  
 2 Josh Morrissey           Josh Manson              40     1   2  2  

Last Minutes Offensive
   Center                   Left Wing                Right Wing               Defense                  Defense                  
   Nathan MacKinnon         James van Riemsdyk       Victor Olofsson          Kris Letang              Brett Pesce              

Last Minutes Defensive
   Center                   Left Wing                Right Wing               Defense                  Defense                  
   Nathan MacKinnon         James van Riemsdyk       Victor Olofsson          Kris Letang              Brett Pesce              

Goaltenders
Starting : Jonathan Bernier         
Backup : Mackenzie Blackwood      

Extra Forwards
Normal : Brett Ritchie, Frederick Gaudreau, Kyle Turris - PP : Brett Ritchie, Frederick Gaudreau - PK : Kyle Turris
Extra Defensemen
Normal : John Moore, Nils Lundkvist, Mark Pysyk - PP : John Moore - PK : Nils Lundkvist, Mark Pysyk
Penalty Shots
Nathan MacKinnon, James van Riemsdyk, Victor Olofsson, Artem Anisimov, Troy Terry
Custom OT Lines Forwards
Nathan MacKinnon, James van Riemsdyk, Victor Olofsson, Artem Anisimov, Troy Terry, Wayne Simmonds, Frederick Gaudreau, Kyle Turris, Filip Chytil, Daniel Sprong
Custom OT Lines Defensemen
Kris Letang, Brett Pesce, Josh Morrissey, Josh Manson, John Moore

Scratches
Jake Debrusk (Strained Groin Injury)

% Time on Ice - Sharks

Lines # - Real PCT - Wanted PCT - Time Play
Normal Forward
1 - 32% - 35% - 18:36
2 - 28% - 32% - 16:22
3 - 26% - 28% - 14:50
4 - 14% - 5% - 8:13
Normal Defense
1 - 35% - 36% - 20:03
2 - 37% - 35% - 21:16
3 - 23% - 23% - 13:30
4 - 6% - 6% - 3:12
PP Forward
1 - 58% - 55% - 1:09
2 - 42% - 45% - 0:50
PP Defense
1 - 71% - 55% - 1:24
2 - 29% - 45% - 0:35
PK Forward
1 - 0% - 60%
2 - 0% - 40%
PK Defense
1 - 0% - 60%
2 - 0% - 40%
PK3 Forward
1 - 0% - 60%
2 - 0% - 40%
PK3 Defense
1 - 0% - 60%
2 - 0% - 40%
44 Forward
1 - 0% - 55%
2 - 0% - 45%
44 Defense
1 - 0% - 55%
2 - 0% - 45%
Last Minute Offensive  - 0:00
Last Minute Defensive  - 0:00
Total
Forward - 60:00
Defense - 60:00

% Time on Ice - Jets

Lines # - Real PCT - Wanted PCT - Time Play
Normal Forward
1 - 35% - 40% - 20:25
2 - 30% - 30% - 17:32
3 - 21% - 20% - 11:54
4 - 14% - 10% - 8:10
Normal Defense
1 - 36% - 40% - 20:42
2 - 34% - 30% - 19:41
3 - 24% - 20% - 13:43
4 - 7% - 10% - 3:55
PP Forward
1 - 0% - 60%
2 - 0% - 40%
PP Defense
1 - 0% - 60%
2 - 0% - 40%
PK Forward
1 - 80% - 60% - 1:35
2 - 20% - 40% - 0:24
PK Defense
1 - 59% - 60% - 1:10
2 - 41% - 40% - 0:49
PK3 Forward
1 - 0% - 60%
2 - 0% - 40%
PK3 Defense
1 - 0% - 60%
2 - 0% - 40%
44 Forward
1 - 0% - 60%
2 - 0% - 40%
44 Defense
1 - 0% - 60%
2 - 0% - 40%
Last Minute Offensive  - 0:00
Last Minute Defensive  - 0:00
Total
Forward - 60:00
Defense - 60:00

Play-by-Play

1st period


0:01 of 1st period - Sidney Crosby wins face-off versus Nathan MacKinnon in neutral zone.
0:06 of 1st period - Victor Olofsson is hit by Alex Pietrangelo.
0:39 of 1st period - Wrist shot by Artem Anisimov.
0:39 of 1st period - Shot Blocked by Alex Pietrangelo.
0:55 of 1st period - Wrist shot by Teuvo Teravainen.
0:55 of 1st period - Shot Misses the Net.
2:09 of 1st period - Slapshot by Nathan MacKinnon.
2:09 of 1st period - Shot Misses the Net.
2:19 of 1st period - Boone Jenner is hit by Mark Pysyk and loses puck.
2:28 of 1st period - Zac Dalpe is hit by Mark Borowiecki and loses puck.
3:06 of 1st period - Carter Rowney is hit by Josh Manson.
3:37 of 1st period - Wrist shot by Carter Rowney.
3:37 of 1st period - Deflect By Robert Thomas.
3:37 of 1st period - Shot Blocked by Victor Olofsson.
3:37 of 1st period - Puck is out of play.
3:38 of 1st period - David Krejci wins face-off versus Artem Anisimov in Jets zone.
3:41 of 1st period - Slapshot by Alexander Radulov.
3:41 of 1st period - Shot Misses the Net.
3:44 of 1st period - Icing by Josh Morrissey.
3:45 of 1st period - Dylan Larkin wins face-off versus Artem Anisimov in Jets zone.
4:10 of 1st period - Wrist shot by David Krejci.
4:10 of 1st period - Stopped by Jonathan Bernier with a rebound.
4:20 of 1st period - Josh Manson is hit by Justin Braun and loses puck.
5:06 of 1st period - Icing by Justin Braun.
5:07 of 1st period - David Krejci wins face-off versus Nathan MacKinnon in Sharks zone.
5:15 of 1st period - Icing by Justin Braun.
5:16 of 1st period - David Krejci wins face-off versus Nathan MacKinnon in Sharks zone.
5:31 of 1st period - Slapshot by James van Riemsdyk.
5:31 of 1st period - Stopped by Semyon Varlamov without a rebound.
5:32 of 1st period - Frederick Gaudreau wins face-off versus Sidney Crosby in Sharks zone.
6:12 of 1st period - Snap shot by Nathan MacKinnon.
6:12 of 1st period - Stopped by Semyon Varlamov without a rebound.
6:13 of 1st period - Zac Dalpe wins face-off versus Sidney Crosby in Sharks zone.
6:16 of 1st period - Snap shot by Daniel Sprong.
6:16 of 1st period - Stopped by Semyon Varlamov with a rebound.
6:18 of 1st period - Slapshot by John Moore.
6:18 of 1st period - Shot Blocked by K'Andre Miller.
6:20 of 1st period - Wrist shot by Zac Dalpe.
6:20 of 1st period - Stopped by Semyon Varlamov without a rebound.
6:21 of 1st period - Sidney Crosby wins face-off versus Zac Dalpe in Sharks zone.
6:28 of 1st period - Backhand shot by Daniel Sprong.
6:28 of 1st period - Shot Misses the Net.
6:30 of 1st period - Slapshot by John Moore.
6:30 of 1st period - Stopped by Semyon Varlamov without a rebound.
6:31 of 1st period - Boone Jenner wins face-off versus Nathan MacKinnon in Sharks zone.
6:56 of 1st period - Mark Borowiecki is hit by Kyle Turris and loses puck.
7:40 of 1st period - Justin Braun is hit by Josh Manson and loses puck.
7:58 of 1st period - Off-side.
7:59 of 1st period - Carter Rowney wins face-off versus Frederick Gaudreau in neutral zone.
8:14 of 1st period - Snap shot by Kris Letang.
8:14 of 1st period - Stopped by Semyon Varlamov without a rebound.
8:15 of 1st period - Sidney Crosby wins face-off versus Nathan MacKinnon in Sharks zone.
8:19 of 1st period - Off-side.
8:20 of 1st period - Nathan MacKinnon wins face-off versus Sidney Crosby in neutral zone.
8:57 of 1st period - Snap shot by Wayne Simmonds.
8:57 of 1st period - Stopped by Semyon Varlamov without a rebound.
8:58 of 1st period - Frederick Gaudreau wins face-off versus Sidney Crosby in Sharks zone.
9:38 of 1st period - Wrist shot by Kasperi Kapanen.
9:38 of 1st period - Stopped by Jonathan Bernier with a rebound.
9:40 of 1st period - Slapshot by Justin Braun.
9:40 of 1st period - Stopped by Jonathan Bernier without a rebound.
9:41 of 1st period - Artem Anisimov wins face-off versus David Krejci in Jets zone.
9:56 of 1st period - Wrist shot by Dylan Larkin.
9:56 of 1st period - Shot Misses the Net.
9:58 of 1st period - Minor Penalty to Kris Letang for Holding.
9:59 of 1st period - Sidney Crosby wins face-off versus Nathan MacKinnon in Jets zone.
10:00 of 1st period - Wrist shot by Jonathan Huberdeau.
10:00 of 1st period - Stopped by Jonathan Bernier without a rebound.
10:01 of 1st period - Nathan MacKinnon wins face-off versus Sidney Crosby in Jets zone.
10:18 of 1st period - Slapshot by Sidney Crosby.
10:18 of 1st period - Stopped by Jonathan Bernier with a rebound.
11:58 of 1st period - Penalty to Kris Letang is over, Kris Letang is back on ice.
12:07 of 1st period - Teuvo Teravainen is hit by William Carrier and loses puck.
12:32 of 1st period - Wrist shot by Robert Thomas.
12:32 of 1st period - Stopped by Jonathan Bernier without a rebound.
12:33 of 1st period - Carter Rowney wins face-off versus Frederick Gaudreau in Jets zone.
12:34 of 1st period - Wrist shot by Robert Thomas.
12:34 of 1st period - Shot Blocked by Josh Manson.
12:34 of 1st period - Josh Manson from Jets is injured at 12:34 of 1st period (Strained Right Elbow).
12:35 of 1st period - Sidney Crosby wins face-off versus Nathan MacKinnon in Jets zone.
12:36 of 1st period - Slapshot by Jonathan Huberdeau.
12:36 of 1st period - Shot Hit the Post.
12:38 of 1st period - Snap shot by Gabriel Landeskog.
12:38 of 1st period - Deflect By Jonathan Huberdeau.
12:38 of 1st period - Shot Blocked by Brett Pesce.
12:38 of 1st period - Puck is out of play.
12:39 of 1st period - Sidney Crosby wins face-off versus Nathan MacKinnon in Jets zone.
12:42 of 1st period - Wrist shot by Gabriel Landeskog.
12:42 of 1st period - Shot Misses the Net.
13:30 of 1st period - Icing by Jason Demers.
13:31 of 1st period - Carter Rowney wins face-off versus Frederick Gaudreau in Sharks zone.
13:41 of 1st period - Off-side.
13:42 of 1st period - Sidney Crosby wins face-off versus Nathan MacKinnon in neutral zone.
13:47 of 1st period - Wrist shot by Jonathan Huberdeau.
13:47 of 1st period - Stopped by Jonathan Bernier without a rebound.
13:48 of 1st period - Nathan MacKinnon wins face-off versus Sidney Crosby in Jets zone.
14:14 of 1st period - Wrist shot by Gabriel Landeskog.
14:14 of 1st period - Stopped by Jonathan Bernier with a rebound.
14:16 of 1st period - Slapshot by Alex Pietrangelo.
14:16 of 1st period - Stopped by Jonathan Bernier with a rebound.
14:18 of 1st period - Slapshot by Alex Pietrangelo.
14:18 of 1st period - Shot Misses the Net.
14:20 of 1st period - Snap shot by Sidney Crosby.
14:20 of 1st period - Stopped by Jonathan Bernier without a rebound.
14:21 of 1st period - David Krejci wins face-off versus Artem Anisimov in Jets zone.
14:22 of 1st period - Slapshot by Dylan Larkin.
14:22 of 1st period - Goal by Dylan Larkin - Sharks : 1 - Jets : 0.
14:23 of 1st period - Boone Jenner wins face-off versus James van Riemsdyk in neutral zone.
14:31 of 1st period - Icing by Josh Morrissey.
14:32 of 1st period - Victor Olofsson wins face-off versus Teuvo Teravainen in Jets zone.
15:59 of 1st period - Snap shot by Victor Olofsson.
15:59 of 1st period - Stopped by Semyon Varlamov with a rebound.
16:01 of 1st period - Slapshot by John Moore.
16:01 of 1st period - Stopped by Semyon Varlamov with a rebound.
16:11 of 1st period - Shea Theodore is hit by James van Riemsdyk.
16:29 of 1st period - Victor Olofsson is hit by Kasperi Kapanen and loses puck.
16:56 of 1st period - Snap shot by Teuvo Teravainen.
16:56 of 1st period - Shot Misses the Net.
17:17 of 1st period - Off-side.
17:18 of 1st period - Artem Anisimov wins face-off versus Sidney Crosby in neutral zone.
17:28 of 1st period - Off-side.
17:29 of 1st period - David Krejci wins face-off versus Wayne Simmonds in neutral zone.
17:34 of 1st period - Wrist shot by David Krejci.
17:34 of 1st period - Shot Misses the Net.
18:02 of 1st period - Icing by Justin Braun.
18:03 of 1st period - Artem Anisimov wins face-off versus Sidney Crosby in Sharks zone.
18:04 of 1st period - Wrist shot by Wayne Simmonds.
18:04 of 1st period - Shot Misses the Net.
18:50 of 1st period - Wrist shot by Dylan Larkin.
18:50 of 1st period - Shot Blocked by Zac Dalpe.
19:26 of 1st period - Dylan Larkin is hit by Nils Lundkvist.
19:45 of 1st period - Icing by Zac Dalpe.
19:46 of 1st period - Carter Rowney wins face-off versus Zac Dalpe in Jets zone.
Goals for this period are 1 for Sharks vs 0 for Jets.
Shots for this period are 11 for Sharks vs 9 for Jets.

2nd period


0:01 of 2nd period - Artem Anisimov wins face-off versus David Krejci in neutral zone.
0:06 of 2nd period - Slapshot by Kris Letang.
0:06 of 2nd period - Shot Misses the Net.
0:14 of 2nd period - Wrist shot by Alexander Radulov.
0:14 of 2nd period - Stopped by Jonathan Bernier with a rebound.
0:16 of 2nd period - Slapshot by Jason Demers.
0:16 of 2nd period - Stopped by Jonathan Bernier with a rebound.
0:49 of 2nd period - Boone Jenner is hit by Filip Chytil.
1:17 of 2nd period - Alex Pietrangelo is hit by Daniel Sprong and loses puck.
1:45 of 2nd period - Icing by Alexander Radulov.
1:46 of 2nd period - David Krejci wins face-off versus Nathan MacKinnon in Sharks zone.
1:57 of 2nd period - Snap shot by Dylan Larkin.
1:57 of 2nd period - Stopped by Jonathan Bernier with a rebound.
2:44 of 2nd period - Slapshot by Troy Terry.
2:44 of 2nd period - Stopped by Semyon Varlamov with a rebound.
3:04 of 2nd period - Brett Pesce is hit by Kasperi Kapanen and loses puck.
3:29 of 2nd period - Slapshot by Robert Thomas.
3:29 of 2nd period - Shot Blocked by Nathan MacKinnon.
3:31 of 2nd period - Slapshot by Mark Borowiecki.
3:31 of 2nd period - Shot Misses the Net.
3:47 of 2nd period - Backhand shot by Kris Letang.
3:47 of 2nd period - Shot Misses the Net.
3:49 of 2nd period - Wrist shot by Filip Chytil.
3:49 of 2nd period - Shot Misses the Net.
3:51 of 2nd period - Wrist shot by Frederick Gaudreau.
3:51 of 2nd period - Stopped by Semyon Varlamov with a rebound.
4:49 of 2nd period - Nathan MacKinnon is hit by Mark Borowiecki and loses puck.
5:01 of 2nd period - Shea Theodore is hit by Mark Pysyk and loses puck.
5:12 of 2nd period - Mark Borowiecki is hit by Kyle Turris and loses puck.
5:49 of 2nd period - Victor Olofsson is hit by Justin Braun.
6:09 of 2nd period - Michael Raffl is hit by Kris Letang.
6:13 of 2nd period - Michael Raffl is hit by William Carrier and loses puck.
6:32 of 2nd period - K'Andre Miller is hit by Kris Letang and loses puck.
6:41 of 2nd period - Wrist shot by William Carrier.
6:41 of 2nd period - Stopped by Semyon Varlamov with a rebound.
6:43 of 2nd period - Slapshot by Brett Pesce.
6:43 of 2nd period - Deflect By Daniel Sprong.
6:43 of 2nd period - Shot Blocked by Jason Demers.
6:43 of 2nd period - Puck is out of play.
6:44 of 2nd period - Sidney Crosby wins face-off versus Artem Anisimov in Sharks zone.
6:44 of 2nd period - Sidney Crosby is hit by Mark Pysyk.
6:56 of 2nd period - Snap shot by Artem Anisimov.
6:56 of 2nd period - Stopped by Semyon Varlamov with a rebound.
7:12 of 2nd period - Snap shot by Victor Olofsson.
7:12 of 2nd period - Stopped by Semyon Varlamov without a rebound.
7:13 of 2nd period - David Krejci wins face-off versus Nathan MacKinnon in Sharks zone.
7:20 of 2nd period - Backhand shot by Alexander Radulov.
7:20 of 2nd period - Shot Misses the Net.
7:27 of 2nd period - Off-side.
7:28 of 2nd period - Sidney Crosby wins face-off versus Artem Anisimov in neutral zone.
7:45 of 2nd period - Wrist shot by Gabriel Landeskog.
7:45 of 2nd period - Stopped by Jonathan Bernier without a rebound.
7:46 of 2nd period - Nathan MacKinnon wins face-off versus David Krejci in Jets zone.
8:40 of 2nd period - Snap shot by Kasperi Kapanen.
8:40 of 2nd period - Stopped by Jonathan Bernier with a rebound.
8:42 of 2nd period - Slapshot by Jason Demers.
8:42 of 2nd period - Shot Blocked by Filip Chytil.
8:44 of 2nd period - Slapshot by Jason Demers.
8:44 of 2nd period - Shot Blocked by Nils Lundkvist.
8:51 of 2nd period - Icing by Frederick Gaudreau.
8:52 of 2nd period - Frederick Gaudreau wins face-off versus Carter Rowney in Jets zone.
9:07 of 2nd period - Wrist shot by Nathan MacKinnon.
9:07 of 2nd period - Shot Misses the Net.
10:11 of 2nd period - Wrist shot by Daniel Sprong.
10:11 of 2nd period - Stopped by Semyon Varlamov without a rebound.
10:12 of 2nd period - Sidney Crosby wins face-off versus Nathan MacKinnon in Sharks zone.
10:12 of 2nd period - Sidney Crosby is hit by Nathan MacKinnon.
10:22 of 2nd period - Slapshot by Gabriel Landeskog.
10:22 of 2nd period - Deflect By Jonathan Huberdeau.
10:22 of 2nd period - Shot Misses the Net.
10:22 of 2nd period - Puck is out of play.
10:23 of 2nd period - Sidney Crosby wins face-off versus Nathan MacKinnon in Jets zone.
10:55 of 2nd period - Dylan Larkin is hit by Wayne Simmonds and loses puck.
11:00 of 2nd period - Wrist shot by Troy Terry.
11:00 of 2nd period - Stopped by Semyon Varlamov without a rebound.
11:01 of 2nd period - Boone Jenner wins face-off versus Nathan MacKinnon in Sharks zone.
11:07 of 2nd period - Icing by Brett Pesce.
11:08 of 2nd period - Boone Jenner wins face-off versus James van Riemsdyk in Jets zone.
11:31 of 2nd period - Backhand shot by Victor Olofsson.
11:31 of 2nd period - Stopped by Semyon Varlamov without a rebound.
11:32 of 2nd period - Sidney Crosby wins face-off versus Artem Anisimov in Sharks zone.
12:09 of 2nd period - Snap shot by Jonathan Huberdeau.
12:09 of 2nd period - Shot Blocked by John Moore.
12:41 of 2nd period - Wrist shot by Jonathan Huberdeau.
12:41 of 2nd period - Shot Misses the Net.
12:45 of 2nd period - Slapshot by Jonathan Huberdeau.
12:45 of 2nd period - Stopped by Jonathan Bernier with a rebound.
12:47 of 2nd period - Slapshot by Jason Demers.
12:47 of 2nd period - Shot Blocked by Artem Anisimov.
12:49 of 2nd period - Slapshot by K'Andre Miller.
12:49 of 2nd period - Stopped by Jonathan Bernier with a rebound.
12:51 of 2nd period - Slapshot by Jason Demers.
12:51 of 2nd period - Shot Misses the Net.
12:53 of 2nd period - Snap shot by Sidney Crosby.
12:53 of 2nd period - Stopped by Jonathan Bernier with a rebound.
12:55 of 2nd period - Slapshot by Jason Demers.
12:55 of 2nd period - Shot Blocked by Wayne Simmonds.
12:57 of 2nd period - Slapshot by Gabriel Landeskog.
12:57 of 2nd period - Shot Misses the Net.
13:17 of 2nd period - Wrist shot by Jonathan Huberdeau.
13:17 of 2nd period - Goal by Jonathan Huberdeau - Sharks : 2 - Jets : 0.
13:18 of 2nd period - David Krejci wins face-off versus Nathan MacKinnon in neutral zone.
13:33 of 2nd period - Alexander Radulov is hit by James van Riemsdyk and loses puck.
14:23 of 2nd period - Carter Rowney is hit by William Carrier and loses puck.
14:53 of 2nd period - Kasperi Kapanen is hit by Filip Chytil and loses puck.
15:34 of 2nd period - Alexander Radulov is hit by Filip Chytil and loses puck.
17:28 of 2nd period - Mark Pysyk is hit by Shea Theodore and loses puck.
18:34 of 2nd period - K'Andre Miller is hit by Victor Olofsson and loses puck.
18:51 of 2nd period - Snap shot by Dylan Larkin.
18:51 of 2nd period - Shot Misses the Net.
19:11 of 2nd period - Snap shot by Jonathan Huberdeau.
19:11 of 2nd period - Stopped by Jonathan Bernier without a rebound.
19:12 of 2nd period - Sidney Crosby wins face-off versus Nathan MacKinnon in Jets zone.
19:27 of 2nd period - Wrist shot by Sidney Crosby.
19:27 of 2nd period - Shot Misses the Net.
19:29 of 2nd period - Backhand shot by Gabriel Landeskog.
19:29 of 2nd period - Shot Misses the Net.
19:31 of 2nd period - Wrist shot by Jonathan Huberdeau.
19:31 of 2nd period - Shot Misses the Net.
19:35 of 2nd period - Snap shot by Jonathan Huberdeau.
19:35 of 2nd period - Stopped by Jonathan Bernier without a rebound.
19:36 of 2nd period - Artem Anisimov wins face-off versus Boone Jenner in Jets zone.
Goals for this period are 1 for Sharks vs 0 for Jets.
Shots for this period are 11 for Sharks vs 8 for Jets.

3rd period


0:01 of 3rd period - David Krejci wins face-off versus Nathan MacKinnon in neutral zone.
0:54 of 3rd period - Slapshot by Frederick Gaudreau.
0:54 of 3rd period - Stopped by Semyon Varlamov with a rebound.
0:56 of 3rd period - Wrist shot by Kyle Turris.
0:56 of 3rd period - Goal by Kyle Turris - Sharks : 2 - Jets : 1.
0:57 of 3rd period - David Krejci wins face-off versus Nathan MacKinnon in neutral zone.
1:02 of 3rd period - Wrist shot by Dylan Larkin.
1:02 of 3rd period - Shot Misses the Net.
1:30 of 3rd period - Off-side.
1:31 of 3rd period - Artem Anisimov wins face-off versus Sidney Crosby in neutral zone.
1:37 of 3rd period - Icing by Alex Pietrangelo.
1:38 of 3rd period - Nathan MacKinnon wins face-off versus Sidney Crosby in Sharks zone.
1:47 of 3rd period - Snap shot by Nathan MacKinnon.
1:47 of 3rd period - Shot Misses the Net.
1:49 of 3rd period - Slapshot by Brett Pesce.
1:49 of 3rd period - Deflect By Nathan MacKinnon.
1:49 of 3rd period - Stopped by Semyon Varlamov without a rebound.
1:50 of 3rd period - Nathan MacKinnon wins face-off versus Dylan Larkin in Sharks zone.
1:51 of 3rd period - Slapshot by Victor Olofsson.
1:51 of 3rd period - Stopped by Semyon Varlamov without a rebound.
1:52 of 3rd period - Nathan MacKinnon wins face-off versus David Krejci in Sharks zone.
2:29 of 3rd period - Snap shot by Jonathan Huberdeau.
2:29 of 3rd period - Stopped by Jonathan Bernier with a rebound.
2:31 of 3rd period - Slapshot by Alex Pietrangelo.
2:31 of 3rd period - Shot Misses the Net.
3:53 of 3rd period - Wrist shot by Troy Terry.
3:53 of 3rd period - Shot Misses the Net.
3:55 of 3rd period - Snap shot by Artem Anisimov.
3:55 of 3rd period - Deflect By Wayne Simmonds.
3:55 of 3rd period - Shot Misses the Net.
3:55 of 3rd period - Puck is out of play.
3:56 of 3rd period - Frederick Gaudreau wins face-off versus Boone Jenner in Sharks zone.
4:05 of 3rd period - Slapshot by Boone Jenner.
4:05 of 3rd period - Deflect By Kyle Turris.
4:05 of 3rd period - Stopped by Jonathan Bernier with a rebound.
4:07 of 3rd period - Slapshot by Kasperi Kapanen.
4:07 of 3rd period - Deflect By Boone Jenner.
4:07 of 3rd period - Shot Blocked by Nils Lundkvist.
4:07 of 3rd period - Puck is out of play.
4:08 of 3rd period - Nathan MacKinnon wins face-off versus Dylan Larkin in Jets zone.
4:48 of 3rd period - Icing by Wayne Simmonds.
4:49 of 3rd period - Boone Jenner wins face-off versus Artem Anisimov in Jets zone.
4:52 of 3rd period - Snap shot by Kasperi Kapanen.
4:52 of 3rd period - Stopped by Jonathan Bernier with a rebound.
4:54 of 3rd period - Slapshot by Kasperi Kapanen.
4:54 of 3rd period - Shot Misses the Net.
4:56 of 3rd period - Snap shot by Teuvo Teravainen.
4:56 of 3rd period - Shot Blocked by Troy Terry.
4:58 of 3rd period - Slapshot by Mark Borowiecki.
4:58 of 3rd period - Shot Blocked by John Moore.
5:38 of 3rd period - Snap shot by Gabriel Landeskog.
5:38 of 3rd period - Shot Blocked by Kris Letang.
5:40 of 3rd period - Slapshot by Mark Borowiecki.
5:40 of 3rd period - Shot Misses the Net.
5:42 of 3rd period - Snap shot by Sidney Crosby.
5:42 of 3rd period - Stopped by Jonathan Bernier without a rebound.
5:43 of 3rd period - Kyle Turris wins face-off versus Sidney Crosby in Jets zone.
6:02 of 3rd period - Snap shot by Gabriel Landeskog.
6:02 of 3rd period - Shot Misses the Net.
6:04 of 3rd period - Wrist shot by Gabriel Landeskog.
6:04 of 3rd period - Stopped by Jonathan Bernier with a rebound.
6:06 of 3rd period - Wrist shot by Jonathan Huberdeau.
6:06 of 3rd period - Stopped by Jonathan Bernier with a rebound.
6:08 of 3rd period - Snap shot by Sidney Crosby.
6:08 of 3rd period - Shot Blocked by Kris Letang.
6:18 of 3rd period - Wrist shot by Sidney Crosby.
6:18 of 3rd period - Shot Misses the Net.
6:36 of 3rd period - Wrist shot by Jonathan Huberdeau.
6:36 of 3rd period - Shot Misses the Net.
6:38 of 3rd period - Slapshot by Alex Pietrangelo.
6:38 of 3rd period - Stopped by Jonathan Bernier without a rebound.
6:39 of 3rd period - Nathan MacKinnon wins face-off versus David Krejci in Jets zone.
6:50 of 3rd period - Wrist shot by Nathan MacKinnon.
6:50 of 3rd period - Stopped by Semyon Varlamov without a rebound.
6:51 of 3rd period - Dylan Larkin wins face-off versus Nathan MacKinnon in Sharks zone.
7:28 of 3rd period - Wrist shot by Artem Anisimov.
7:28 of 3rd period - Stopped by Semyon Varlamov with a rebound.
7:48 of 3rd period - Wrist shot by Carter Rowney.
7:48 of 3rd period - Stopped by Jonathan Bernier with a rebound.
7:50 of 3rd period - Snap shot by K'Andre Miller.
7:50 of 3rd period - Shot Blocked by Daniel Sprong.
8:04 of 3rd period - Slapshot by Sidney Crosby.
8:04 of 3rd period - Stopped by Jonathan Bernier with a rebound.
8:06 of 3rd period - Slapshot by Mark Borowiecki.
8:06 of 3rd period - Deflect By Gabriel Landeskog.
8:06 of 3rd period - Stopped by Jonathan Bernier with a rebound.
8:08 of 3rd period - Snap shot by Jonathan Huberdeau.
8:08 of 3rd period - Shot Misses the Net.
8:10 of 3rd period - Slapshot by Jonathan Huberdeau.
8:10 of 3rd period - Goal by Jonathan Huberdeau - Sharks : 3 - Jets : 1.
8:11 of 3rd period - David Krejci wins face-off versus Nathan MacKinnon in neutral zone.
8:26 of 3rd period - Wrist shot by David Krejci.
8:26 of 3rd period - Shot Blocked by John Moore.
8:28 of 3rd period - Slapshot by Dylan Larkin.
8:28 of 3rd period - Shot Blocked by John Moore.
8:43 of 3rd period - Wrist shot by Troy Terry.
8:43 of 3rd period - Stopped by Semyon Varlamov without a rebound.
8:44 of 3rd period - Jonathan Huberdeau wins face-off versus Artem Anisimov in Sharks zone.
8:57 of 3rd period - Wrist shot by Wayne Simmonds.
8:57 of 3rd period - Stopped by Semyon Varlamov with a rebound.
8:59 of 3rd period - Snap shot by Kris Letang.
8:59 of 3rd period - Stopped by Semyon Varlamov with a rebound.
9:01 of 3rd period - Slapshot by Brett Pesce.
9:01 of 3rd period - Shot Blocked by K'Andre Miller.
9:03 of 3rd period - Slapshot by Kris Letang.
9:03 of 3rd period - Stopped by Semyon Varlamov with a rebound.
9:05 of 3rd period - Wrist shot by Artem Anisimov.
9:05 of 3rd period - Stopped by Semyon Varlamov with a rebound.
9:07 of 3rd period - Wrist shot by Troy Terry.
9:07 of 3rd period - Shot Misses the Net.
9:55 of 3rd period - Wrist shot by Troy Terry.
9:55 of 3rd period - Stopped by Semyon Varlamov with a rebound.
10:21 of 3rd period - Jason Demers is hit by Artem Anisimov and loses puck.
10:49 of 3rd period - Slapshot by Sidney Crosby.
10:49 of 3rd period - Goal by Sidney Crosby - Sharks : 4 - Jets : 1.
10:50 of 3rd period - David Krejci wins face-off versus Nathan MacKinnon in neutral zone.
10:52 of 3rd period - Off-side.
10:53 of 3rd period - David Krejci wins face-off versus Nathan MacKinnon in neutral zone.
11:22 of 3rd period - Wrist shot by Teuvo Teravainen.
11:22 of 3rd period - Shot Blocked by Brett Pesce.
11:24 of 3rd period - Slapshot by Teuvo Teravainen.
11:24 of 3rd period - Goal by Teuvo Teravainen - Sharks : 5 - Jets : 1.
11:25 of 3rd period - David Krejci wins face-off versus Nathan MacKinnon in neutral zone.
12:17 of 3rd period - Backhand shot by Shea Theodore.
12:17 of 3rd period - Shot Blocked by John Moore.
13:06 of 3rd period - Off-side.
13:07 of 3rd period - Zac Dalpe wins face-off versus Boone Jenner in neutral zone.
13:22 of 3rd period - Snap shot by Kris Letang.
13:22 of 3rd period - Shot Blocked by Justin Braun.
13:29 of 3rd period - Icing by Alex Pietrangelo.
13:30 of 3rd period - Nathan MacKinnon wins face-off versus David Krejci in Sharks zone.
14:08 of 3rd period - Slapshot by Sidney Crosby.
14:08 of 3rd period - Stopped by Jonathan Bernier without a rebound.
14:09 of 3rd period - Artem Anisimov wins face-off versus Boone Jenner in Jets zone.
14:32 of 3rd period - Justin Braun is hit by Wayne Simmonds and loses puck.
14:51 of 3rd period - Snap shot by Artem Anisimov.
14:51 of 3rd period - Shot Blocked by Teuvo Teravainen.
14:53 of 3rd period - Snap shot by Artem Anisimov.
14:53 of 3rd period - Goal by Artem Anisimov - Sharks : 5 - Jets : 2.
14:54 of 3rd period - David Krejci wins face-off versus Nathan MacKinnon in neutral zone.
15:01 of 3rd period - Wrist shot by Dylan Larkin.
15:01 of 3rd period - Shot Blocked by Kris Letang.
15:03 of 3rd period - Slapshot by Mark Borowiecki.
15:03 of 3rd period - Shot Misses the Net.
15:05 of 3rd period - Backhand shot by David Krejci.
15:05 of 3rd period - Shot Misses the Net.
15:07 of 3rd period - Slapshot by Mark Borowiecki.
15:07 of 3rd period - Deflect By Alexander Radulov.
15:07 of 3rd period - Shot Misses the Net.
15:07 of 3rd period - Puck is out of play.
15:08 of 3rd period - Boone Jenner wins face-off versus Nathan MacKinnon in Jets zone.
15:33 of 3rd period - Kris Letang is hit by David Krejci and loses puck.
15:42 of 3rd period - Dylan Larkin is hit by Filip Chytil and loses puck.
15:57 of 3rd period - Snap shot by Daniel Sprong.
15:57 of 3rd period - Stopped by Semyon Varlamov with a rebound.
16:57 of 3rd period - Off-side.
16:58 of 3rd period - Frederick Gaudreau wins face-off versus David Krejci in neutral zone.
17:03 of 3rd period - Wrist shot by Filip Chytil.
17:03 of 3rd period - Stopped by Semyon Varlamov with a rebound.
17:05 of 3rd period - Wrist shot by Frederick Gaudreau.
17:05 of 3rd period - Shot Misses the Net.
17:07 of 3rd period - Snap shot by Filip Chytil.
17:07 of 3rd period - Shot Misses the Net.
17:09 of 3rd period - Wrist shot by Filip Chytil.
17:09 of 3rd period - Shot Hit the Post.
17:13 of 3rd period - Backhand shot by Kris Letang.
17:13 of 3rd period - Shot Blocked by Dylan Larkin.
19:24 of 3rd period - Kasperi Kapanen is hit by William Carrier and loses puck.
19:37 of 3rd period - Wrist shot by Brett Pesce.
19:37 of 3rd period - Shot Blocked by K'Andre Miller.
19:39 of 3rd period - Wrist shot by Troy Terry.
19:39 of 3rd period - Shot Blocked by Carter Rowney.
Goals for this period are 3 for Sharks vs 2 for Jets.
Shots for this period are 14 for Sharks vs 15 for Jets.